 Dungeon Crawl Stone Soup version 0.31-a0-455-g1a7b003ef0 (webtiles) character file.

Game seed: 18297418118534750498

54 pokeman the Magician (level 3, -4/20 HPs)
             Began as a Deep Elf Hedge Wizard on Aug 3, 2023.
             Slain by a goblin
             ... wielding a +0 dagger
             ... led by Robin
              (5 damage)
             ... on level 2 of the Dungeon.
             The game lasted 00:04:29 (1907 turns).

pokeman the Magician (Deep Elf Hedge Wizard)        Turns: 1907, Time: 00:04:30

Health: -4/20      AC:  2    Str:  7    XL:     3   Next: 66%
Magic:  3/11       EV: 12    Int: 20    God:
Gold:   70         SH:  0    Dex: 14    Spells: 3/12 levels left

rFire   . . .        e - +1 whip (freeze)
rCold   . . .        (no shield)
rNeg    . . .        b - +0 robe
rPois   .            c - +0 hat
rElec   .            (no cloak)
rCorr   .            (no gloves)
SInv    .            (no boots)
Will    .....        (no amulet)
Stlth   ++           (no ring)
HPRegen 0.23/turn    (no ring)
MPRegen 0.12/turn

%: no passive effects
@: no status effects
A: no striking features
a: no special abilities


You were on level 2 of the Dungeon.
You visited 1 branch of the dungeon, and saw 2 of its levels.

You collected 70 gold pieces.

Inventory:

Hand Weapons
 e - a +1 whip of freezing (weapon)
Missiles
 k - a throwing net
Armour
 b - a +0 robe (worn)
 c - a +0 hat (worn)
Scrolls
 a - a scroll of noise {unknown}
 f - 2 scrolls of amnesia {unknown}
 h - a scroll of poison {unknown}
 i - a scroll of identify {unknown}
Potions
 d - a potion of magic
 g - a potion of haste {unknown}
 j - a potion of berserk rage {unknown}


   Skills:
 + Level 1.0 Fighting
 - Level 1.0 Armour
 + Level 2.5 Dodging
 - Level 2.4 Stealth
 * Level 5.3 Spellcasting
 + Level 1.9 Conjurations
 - Level 1.1 Summonings
 - Level 1.1 Translocations


You had 3 spell levels left.
You knew the following spells:

 Your Spells              Type           Power      Damage    Failure   Level
a - Magic Dart            Conj           52%        1d5       4%          1
b - Mephitic Cloud        Conj/Pois/Air  7%         N/A       26%         3
c - Call Imp              Summ           18%        N/A       11%         2
d - Blink                 Tloc           18%        N/A       11%         2
e - Summon Small Mammal   Summ           36%        N/A       7%          1

Your spell library contained the following spells:

 Spells                   Type           Power      Damage    Failure   Level
 Apportation              Tloc           18%        N/A       7%          1
 Necrotise                Necr           20%        1d5       11%         1
 Slow                     Hex            20%        N/A       11%         1
 Cigotuvi's Dreadful Rot  Necr/Pois/Air  10%        N/A       17%         2
 Sublimation of Blood     Necr           5%         N/A       17%         2
 Petrify                  Tmut/Erth      5%         N/A       73%         4
 Irradiate                Conj/Tmut      4%         3d13      91%         5


Dungeon Overview and Level Annotations

Branches:
Dungeon (2/15)

Altars:

Annotations:
D:2 Robin


Message History

You kill the goblin!
The goblin completely misses you.
Your Fighting skill increases to level 1!
Unknown command.
You closely miss the goblin.
The goblin is severely wounded.
The goblin closely misses you.
A goblin comes into view. It is wielding a +0 dagger.
Your magical contamination has completely faded away.
The goblin shouts!
You hit the goblin but do no damage.
The goblin is severely wounded.
You hear a shout!
Robin throws the goblin at you! The goblin hits you with a +0 dagger.
A goblin comes into view. It is wielding a +0 club.
The goblin shouts!
You hit the goblin but do no damage.
Robin says, "Kneel, worm!"
The goblin barely misses you. The goblin hits you with a +0 dagger.
Unknown command.
You hit the goblin. You freeze the goblin.
You kill the goblin!
The bat hits you. Robin throws the goblin at you!
The goblin closely misses you. The goblin misses you. x2
A goblin comes into view. It is wielding a +0 club.
The goblin hits you but does no damage. The goblin hits you with a +0 dagger.
Unknown command.
The bat hits you. The bat hits you but does no damage. The goblin misses you.
The goblin hits you with a +0 dagger.
* * * LOW HITPOINT WARNING * * *
Robin says, "My army is invincible!"
Robin throws the goblin at you!
* * * LOW HITPOINT WARNING * * *
You hit the goblin. You freeze the goblin.
You kill the goblin!
The bat hits you but does no damage. The bat barely misses you.
The goblin hits you with a +0 dagger.
* * * LOW HITPOINT WARNING * * *
The goblin hits you with a +0 dagger.
You die...

##################
#†...............# #
#...)............# #
#.b@g............+ +
#.g.g............# #
##)##............# #
#..##............# #
#..###...........)###
gg.# ######.......†..
.g## #.......... #..
#.......... ...
#..........


You could see Robin, 4 goblins and a bat.

Vanquished Creatures
  A worm (D:2)
  2 dart slugs (D:1)
  6 endoplasms
  2 giant cockroaches (D:1)
  4 hobgoblins
  3 kobolds
  2 quokkas (D:1)
  4 ball pythons (D:1)
  4 bats
  3 frilled lizards
  10 goblins
  5 rats
46 creatures vanquished.

Notes
Turn   | Place    | Note
-------+----------+-------------------------------------------
     0 | D:1      | pokeman the Deep Elf Hedge Wizard began the quest for the
                  | Orb.
     0 | D:1      | Reached XP level 1. HP: 10/10 MP: 7/7
   272 | D:1      | Reached XP level 2. HP: 15/15 MP: 4/9
   840 | D:1      | Reached skill level 5 in Spellcasting
  1007 | D:1      | Reached XP level 3. HP: 20/20 MP: 9/11
  1017 | D:1      | Learned a level 3 spell: Mephitic Cloud
  1019 | D:1      | Learned a level 1 spell: Summon Small Mammal
  1022 | D:1      | Learned a level 2 spell: Blink
  1415 | D:2      | Reached skill level 1 in Armour
  1623 | D:2      | Learned a level 2 spell: Call Imp
  1895 | D:2      | Noticed Robin
  1902 | D:2      | Reached skill level 1 in Fighting
  1907 | D:2      | HP: 1/20 [goblin/+0 dagger[Robin] (2)]
  1907 | D:2      | Slain by a goblin

Illustrated notes

Levels and vault maps discovered:
D:1:      minmay_arrival_four_circles, layout_basic
D:2:      kb_forest_paths, layout_basic, uniq_robin, uniq_jessica, uniq_natasha

Skill      XL: |  1  2  3 |
---------------+----------+-----
Spellcasting   | 5 |  5.3
Armour         | 1 |  1.0
Fighting       | 1 |  1.0
Dodging        | |  2.5
Stealth        | |  2.4
Conjurations   | |  1.9
Summonings     | |  1.1
Translocations | |  1.1

Action                     || total
---------------------------++-------
  Melee: Whip              ||    21
   Cast: Magic Dart        ||   108
         Summon Small Mamm ||     4
         Mephitic Cloud    ||     2
   Stab: Confused          ||     2
 Armour: Robe              ||     5
  Dodge: Dodged            ||    22

Table legend: (Time is in decaauts)
 A = Elapsed time spent in this place.
 B = Non-inter-level travel time spent in this place.
 C = Inter-level travel time spent in this place.
 D = Time resting spent in this place.
 E = Time spent auto-exploring this place.
 F = Levels seen in this place.
 G = Mean time per level.
                   A        B        C        D        E       F      G
               +--------+--------+--------+--------+--------+-----+--------+
         Total |   1908 |   1892 |     16 |     41 |   1598 |   2 |  954.0 |
       Dungeon |   1908 |   1892 |     16 |     41 |   1598 |   2 |  954.0 |
               +--------+--------+--------+--------+--------+-----+--------+

Top non-repeatable levels by time:
     D:1: 1399 daAuts
     D:2: 508 daAuts
